Bacon, lawful female human Archeologist ------------ |.+[*[%!%d*| ------- |..[+?((=(%| ------------- |.....| |..[%%!*(*@| |............## #-.....| |%=!%%(%..m| ##..........>.| # #|.....| |%@)(**%!%)| # ----|-------- ###|.....| |..........| # ##### #|.....|# --|--------- # # #|.....-#### (######### # ### #-------# # # # # ######*## ## # ### # ----------.-----# # # |..............|# ### ## # |...............# #-.--------.--# |..............| #|...........|# |...............#####|.<.........|# ---------------- |...........-# ------------- Bacon the Digger Experience level: 2 Strength: 13 Dexterity: 7 Constitution: 14 Intelligence: 11 Wisdom: 18 Charisma: 11 Health: 0(23) Energy: 12(12) Def: 6 Gold: 214 Moves: 1018 Dungeon seed: eVtj2Zyk9cqVzBbS Game ID: Bacon_1512427784 Your Inventory: Coins $ - 214 gold pieces Weapons a - an uncursed +2 bullwhip (weapon in hand) Armor e - an uncursed +0 leather jacket n - an uncursed +0 fedora (being worn) r - an uncursed +0 dwarvish mithril-coat (being worn) Comestibles b - 2 uncursed food rations h - an uncursed tin of jackal meat k - 2 uncursed lichen corpses l - 3 uncursed cream pies Scrolls m - an uncursed scroll of stinking cloud Potions i - a cursed potion of extra healing j - a potion of holy water o - an uncursed potion of water Tools c - an uncursed oil lamp (0:1413) f - an uncursed tinning kit (0:49) g - an uncursed sack Gems q - an uncursed touchstone Spells and supernatural/magical abilities: Spells marked with '*' are forgotten. Spells marked with '!' are maintained. Spells marked with '#' are aliased with 'castalias'. Name Level Category Fail Memory W - pray for help -- divine ? -- Your skills at the end: Fighting Skills wands [Basic] Weapon Skills pick-axe [Basic] whip [Basic] Spellcasting Skills Final Attributes: You were stealthy. You were held by a large mimic. You were fast. You were lucky. You are dead. Vanquished creatures: 2 giant rats a yellow mold 5 jackals a kobold a goblin 7 grid bugs a bat 3 lichens 4 newts 25 creatures vanquished. Voluntary challenges: You were an atheist. You used a wielded weapon 23 times, starting on turn 25. You were illiterate. You never genocided any monsters. You never polymorphed an object. You never changed form. You used no wishes. You never split a pudding. You never wrote Elbereth's name. You never violated your personal moral code. Dungeon overview: The Dungeons of Doom: levels 1 to 3 Level 1 a fountain, a vault a long staircase Level 2 a fountain, a vault Level 3 <- You were here a general store History has recorded: On T:1 you entered the Dungeons of Doom to retrieve the Amulet of Yendor! On T:421 you reached level 2 of The Dungeons of Doom. On T:586 you advanced to experience level 2. On T:757 you reached level 3 of The Dungeons of Doom. Score breakdown: Gold: 214 ( 7934 points) Experience: 2 levels ( 5570 points) Exploration: 3 levels ( 6.12%) ( 6123 points) Discoveries: 4 items ( 1.33%) ( 3458 points) Valuables value: (no points given unless you survive) Artifact value: 0 ( 0 points) Variety of kills: 9 monsters ( 2.37%) ( 4616 points) Turncount: 1018 turns ( 0 points) Survival: died (score multiplied by 80%) Total score: 22160 Latest messages: You see here 2 fortune cookies (14 zorkmids). Ren picks up a banana. You see here a worthless piece of black glass (5 zorkmids). You stop. Ren is in the way! Ren drops a banana. There are a few objects here. You see here a dark potion (100 zorkmids). Ren picks up a gem. Wait! That's a large mimic! Ren drops a gem. The large mimic hits! You cannot escape from the large mimic! (6x) Ren picks up a boomerang. You cannot escape from the large mimic! (2x) The large mimic hits! Ren drops a boomerang. You cannot escape from the large mimic! (6x) Ren picks up a banana. The large mimic hits! You die... Upernavik gratefully inherits all your possessions. The sack is empty. Final status: Goodbye Bacon the Archeologist, killed by a large mimic... You died in The Dungeons of Doom on dungeon level 3 with 22160 points, and 214 pieces of gold, after 1018 moves. You were level 2 with a maximum of 23 hit points when you died.